 Dungeon Crawl Stone Soup version 0.30-b1-2-g02819fbbbe (webtiles) character file.

Game seed: 17847103669162778377

28 Alarkh the Shooter (level 3, 0/27 HPs)
             Began as a Demonspawn Hunter on May 23, 2023.
             Slain by a gnoll
             ... wielding a +0 halberd
              (10 damage)
             ... on level 2 of the Dungeon.
             The game lasted 00:01:16 (555 turns).

Alarkh the Shooter (Demonspawn Hunter)               Turns: 555, Time: 00:01:18

Health: 0/27       AC:  4    Str: 11    XL:     3   Next: 0%
Magic:  3/3        EV: 11    Int: 12    God:
Gold:   51         SH:  0    Dex: 16    Spells: 2/2 levels left

rFire   . . .        a - +0 shortbow
rCold   . . .        (shield currently unavailable)
rNeg    . . .        c - +0 leather armour
rPois   .            (no helmet)
rElec   .            (no cloak)
rCorr   .            f - +0 pair of gloves
SInv    .            (no boots)
Will    .....        i - amulet of faith
Stlth   +            (no ring)
HPRegen 0.24/turn    (no ring)
MPRegen 0.08/turn

%: faith
@: no status effects
A: powered by pain 1, weakness stinger 1
a: no special abilities


You were on level 2 of the Dungeon.
You visited 1 branch of the dungeon, and saw 2 of its levels.

You collected 51 gold pieces.

Inventory:

Hand Weapons
 a - a +0 shortbow (weapon)
Armour
 c - a +0 leather armour (worn)
 f - a +0 pair of gloves (worn)
Magical Staves
 j - a staff of air
Jewellery
 i - an amulet of faith (around neck)
Scrolls
 b - a scroll of immolation
 e - a scroll of identify {unknown}
 h - a scroll of fear {unknown}
Potions
 d - a potion of lignification
 g - a potion of curing {unknown}
 k - a potion of magic {unknown}
 l - a potion of attraction {unknown}


   Skills:
 - Level 2.0 Fighting
 + Level 4.5 Ranged Weapons
 - Level 1.7 Dodging
 - Level 0.8 Stealth


You had 2 spell levels left.
You didn't know any spells.
Your spell library was empty.

Dungeon Overview and Level Annotations

Branches:
Dungeon (2/15)

Altars:

Shops:
D:1 *


Innate Abilities, Weirdness & Mutations

You sometimes gain a little power by taking damage.
You have a small tail.


Message History

The ball python bites you. The ball python constricts you.
You shoot an arrow. The arrow hits the ball python!
You kill the ball python!
You have reached level 3!
Your experience leads to an increase in your attributes!
Increase (S)trength, (I)ntelligence, or (D)exterity?
You feel clever. x2; Your demonic ancestry asserts itself...
You grow a small tail.
A gnoll comes into view. It is wielding a +0 halberd.
Found 5 stones.
A gnoll is nearby!
A gnoll is nearby!
You shoot an arrow.
The arrow hits the gnoll but does no damage.
The gnoll shouts!
A gnoll comes into view. It is wielding a +0 flail.
An adder comes into view.
There is a stone staircase leading up here.
You shoot an arrow.
The arrow hits the gnoll but does no damage.
You shoot an arrow. The arrow hits the gnoll!
The gnoll is heavily wounded.
The gnoll hits you from afar with a +0 halberd.
The gnoll hits you from afar with a +0 halberd!
You shoot an arrow.
The arrow hits the gnoll but does no damage.
The gnoll is heavily wounded.
The gnoll barely misses you.
You shoot an arrow. The arrow closely misses the gnoll.
The gnoll closely misses you.
You shoot an arrow. The arrow hits the gnoll.
The gnoll is severely wounded.
The gnoll hits you from afar with a +0 halberd!
You are too injured to fight recklessly!
Fire: a) +0 shortbow
Press: ? - help, Q - select action Shift-Dir - straight line, f/p - gnoll
Aim: a gnoll, wielding a +0 halberd (severely wounded, 66% to hit)
You shoot an arrow. The arrow barely misses the gnoll.
The gnoll hits you from afar with a +0 halberd!
You die...

#.....)...# #.........#
#.........# #.........#
#.........## ###
#..........#### ##..#
#.............###...###
#.......g.#............
#.....@...#####........
#.........# ###....##
##.......## ###...####
##.....## #........#
####### ####g........
#...........#
#.##........#
##.#.........#
#.g...........


You could see a gnoll.

Vanquished Creatures
  An adder (D:2)
  2 ball pythons
  5 endoplasms
  A goblin (D:1)
  2 hobgoblins (D:1)
  A quokka (D:1)
  2 bats (D:1)
  3 rats (D:1)
17 creatures vanquished.

Notes
Turn   | Place    | Note
-------+----------+-------------------------------------------
     0 | D:1      | Alarkh the Demonspawn Hunter began the quest for the Orb.
     0 | D:1      | Reached XP level 1. HP: 16/16 MP: 1/1
   138 | D:1      | Reached skill level 4 in Ranged Weapons
   159 | D:1      | Gained mutation: You sometimes gain a little power by
                  | taking damage. [demonic ancestry]
   159 | D:1      | Reached XP level 2. HP: 22/22 MP: 2/2
   245 | D:1      | Found Neqysm's General Store.
   510 | D:2      | Gained mutation: You have a small tail. [demonic ancestry]
   510 | D:2      | Reached XP level 3. HP: 18/27 MP: 3/3
   555 | D:2      | Slain by a gnoll

Illustrated notes

Levels and vault maps discovered:
D:1:      minmay_arrival_nine_rooms, layout_rooms, serial_shops, shop
D:2:      layout_rooms

Skill      XL: |  1 |
---------------+----+-----
Ranged Weapons | 4 |  4.5
Fighting       | |  2.0
Dodging        | |  1.7
Stealth        | |  0.8

Action                     || total
---------------------------++-------
   Fire: Shortbow          ||    49
    Use: Potion            ||     1
 Armour: Leather armour    ||     3
  Dodge: Dodged            ||     7
